 Dungeon Crawl Stone Soup version 0.29-a0-194-g6e3aafee17 (webtiles) character file.

Game seed: 13462071070618785273

51 siradein the Skirmisher (level 3, 0/33 HPs)
             Began as a Draconian Abyssal Knight on Feb 22, 2022.
             Was a Follower of Lugonu.
             Slain by Robin
             ... wielding a +2 vorpal falchion
              (1 damage)
             ... on level 2 of the Dungeon.
             The game lasted 00:03:50 (1441 turns).

siradein the Skirmisher (Draconian Abyssal Knight)  Turns: 1441, Time: 00:03:51

Health: 0/33       AC:  5    Str: 15    XL:     3   Next: 57%
Magic:  5/5        EV: 12    Int: 10    God:    Lugonu [*.....]
Gold:   110        SH:  0    Dex: 13    Spells: 2/2 levels left

rFire   . . .      SeeInvis .   a - +1 falchion
rCold   . . .      Faith    .   (no shield)
rNeg    . . .      Spirit   .   (body armour unavailable)
rPois   .          Reflect  .   (helmet restricted)
rElec   .          Harm     .   (no cloak)
rCorr   .          Rampage  .   (no gloves)
Will    .....                   (no boots)
Stlth   +.........              (no amulet)
HPRegen 0.11/turn               (no ring)
MPRegen 0.09/turn               (no ring)

@: no status effects
A: AC +5, unfitting armour, cold-blooded
a: Renounce Religion, Depart the Abyss


You were on level 2 of the Dungeon.
You worshipped Lugonu.
Lugonu was aware of your devotion.
You visited 1 branch of the dungeon, and saw 2 of its levels.
You visited the Abyss 1 time.

You collected 110 gold pieces.

Inventory:

Hand Weapons
 a - a +1 falchion (weapon)
Missiles
 f - 5 boomerangs
Jewellery
 n - a ring of flight
 o - an amulet of faith
Scrolls
 d - a scroll of fear {unknown}
 g - a scroll of brand weapon {unknown}
 j - a scroll of vulnerability {unknown}
 l - a scroll of identify {unknown}
 m - a scroll of noise {unknown}
Potions
 b - 3 potions of curing {unknown}
 c - a potion of experience {unknown}
 e - a potion of haste {unknown}
 h - 3 potions of attraction {unknown}
 i - a potion of resistance {unknown}
 k - a potion of berserk rage {unknown}


   Skills:
 + Level 3.7 Fighting
 + Level 2.6 Long Blades
 + Level 2.6 Dodging
 + Level 2.8 Invocations


You had 2 spell levels left.
You didn't know any spells.
Your spell library contained the following spells:

 Spells                   Type           Power      Damage    Failure   Level
 Shock                    Conj/Air       0%         1d3       36%         1
 Swiftness                Air            0%         N/A       75%         3
 Airstrike                Air            0%         N/A       98%         4


Dungeon Overview and Level Annotations

Branches:
Dungeon (2/15)

Altars:

Annotations:
D:2 Robin


Innate Abilities, Weirdness & Mutations

Your plain brown scales are hard. (AC +5)
You cannot fit into any form of body armour.
You are cold-blooded and may be slowed by cold attacks.


Message History

Robin roars a battlecry!
The goblins go into a battle-frenzy!
The goblin hits you but does no damage. The goblin hits you with a +0 dagger.
You slash the goblin!
You kill the goblin!
Lugonu accepts your kill. The goblin misses you.
You slash the goblin!
You kill the goblin!
Lugonu accepts your kill. The goblin hits you but does no damage.
You slash the hobgoblin!
You kill the hobgoblin!
Lugonu accepts your kill. The goblin hits you with a +0 dagger.
You hit the goblin.
You kill the goblin!
Lugonu accepts your kill. Robin throws the goblin at you!
The goblin hits you with a +0 dagger.
Things that are here:
a +0 dagger; a goblin corpse You hit Robin but do no damage.
Robin says, "Duck!"
Robin hits you with a +2 vorpal falchion.
The goblin hits you with a +0 dagger.
You are too injured to fight recklessly!
You are too injured to fight recklessly!
Unknown command.
You closely miss the goblin.
Your tail-slap misses the goblin.
Robin hits you with a +2 vorpal falchion.
The goblin hits you with a +0 dagger.
* * * LOW HITPOINT WARNING * * *
Robin hits you with a +2 vorpal falchion.
* * * LOW HITPOINT WARNING * * *
x2 You closely miss the goblin.
You tail-slap the goblin.
The goblin is severely wounded.
The goblin hits you but does no damage.
Robin hits you with a +2 vorpal falchion.
* * * LOW HITPOINT WARNING * * *
You die...

#....####.## #.# # #....#.....#
#.###### #
#....#.##..########......# #
#.####.#..........g......#
#.####.#..........(......#
#...........รท...#g########
#.####.#...#....#.# ###
#.#####.####)###
#######..).....g@g...# #####
.......#####...###.#.# #...#
.........# #....<#.#.####...#####
.........# #....##.#....'...+....
.........###.......######...#####
.......#......#......# #...#....
.......#.####.######.####...#.###
########.# #.######........#....
#.# #.#...##.....#######.


You could see Robin and a goblin (strong).

Vanquished Creatures
  An adder (D:2)
  6 ball pythons
  2 endoplasms
  7 goblins (D:2)
  7 hobgoblins
  2 quokkas (D:2)
  5 bats
  3 kobolds
  3 rats (D:1)
36 creatures vanquished.

Notes
Turn   | Place    | Note
-------+----------+-------------------------------------------
     0 | Abyss:1  | siradein the Draconian Abyssal Knight began the quest for
                  | the Orb.
     0 | Abyss:1  | Reached XP level 1. HP: 19/19 MP: 2/2
    48 | Abyss:1  | Noticed a blink frog
    51 | Abyss:1  | Noticed an ancient zyme
    53 | D:1      | Escaped the Abyss
   423 | D:1      | Reached XP level 2. HP: 26/26 MP: 3/3
   563 | D:1      | Reached * piety under Lugonu
   959 | D:2      | Reached XP level 3. HP: 31/31 MP: 4/4
  1383 | D:2      | Noticed Robin
  1441 | D:2      | HP: 1/33 [Robin/+2 vorpal falchion (1)]
  1441 | D:2      | Slain by Robin

Illustrated notes

Levels and vault maps discovered:
D:1:      co_arrival_square_in_a_square_in_a_square, layout_basic,
          minmay_pentomino_u4
D:2:      layout_basic, uniq_robin

Action                   || total
-------------------------++-------
Melee: Falchion          ||    79
       Tailslap          ||     3
Invok: Depart the Abyss  ||     1
 Stab: Sleeping          ||     2
Armor: Skin              ||    30
Dodge: Dodged            ||    57

Table legend: (Time is in decaauts)
 A = Elapsed time spent in this place.
 B = Non-inter-level travel time spent in this place.
 C = Inter-level travel time spent in this place.
 D = Time resting spent in this place.
 E = Time spent auto-exploring this place.
 F = Levels seen in this place.
 G = Mean time per level.
                   A        B        C        D        E       F      G
               +--------+--------+--------+--------+--------+-----+--------+
         Total |   1456 |   1440 |     16 |      0 |   1176 |   3 |  485.3 |
       Dungeon |   1403 |   1387 |     16 |      0 |   1130 |   2 |  701.5 |
         Abyss |     53 |     53 |      0 |      0 |     46 |   1 |   53.0 |
               +--------+--------+--------+--------+--------+-----+--------+

Top non-repeatable levels by time:
     D:1: 738 daAuts
     D:2: 665 daAuts
 Abyss:1: 53 daAuts
